 Dungeon Crawl Stone Soup version 0.27.1-2-g3b301248ec (webtiles) character file.

Game seed: 13911590092020716361

2444 Borgoz the Skirmisher (level 9, -5/57 HPs)
             Began as a Gargoyle Gladiator on Sept 28, 2021.
             Killed from afar by a steam dragon (18 damage)
             ... with a ball of steam
             ... on level 7 of the Dungeon.
             The game lasted 00:06:35 (7885 turns).

Borgoz the Skirmisher (Gargoyle Gladiator)          Turns: 7885, Time: 00:06:36

Health: -5/57      AC: 20    Str: 20    XL:     9   Next: 49%
Magic:  9/9        EV:  7    Int: 13    God:
Gold:   362        SH:  0    Dex: 10    Spells: 8/8 levels left

rFire    . . .     SeeInvis .   d - +3 flail (freeze)
rCold    + + +     Faith    .   (no shield)
rNeg     + . .     Spirit   .   v - +0 plate armour
rPois    ∞         Reflect  .   c - +0 helmet
rElec    +         Harm     .   (no cloak)
rCorr    .         Rampage  .   (no gloves)
Will     +....                  (no boots)
Stlth    ..........             r - amulet "Mocsuo" {Acrobat rC+++ Will+ Int+4 Dex-2}
HPRegen  0.19/turn              (no ring)
MPRegen  0.11/turn              (no ring)

@: very slightly contaminated, invisible
A: sickness immunity, AC +6, negative energy resistance 1, electricity
resistance, torment resistance 1, petrification resistance
a: no special abilities


You were on level 7 of the Dungeon.
You visited 1 branch of the dungeon, and saw 7 of its levels.

You collected 362 gold pieces.

Inventory:

Hand Weapons
 d - a +3 flail of freezing (weapon)
 u - a +3 morningstar
 A - the +9 rapier "Wiwelox" {venom, rF+++ rN+ Str-4 Dex-2}
   (You took it off a centaur on level 7 of the Dungeon)

   It poisons the flesh of those it strikes.
   Str:       It affects your strength (-4).
   Dex:       It affects your dexterity (-2).
   rF:        It renders you almost immune to fire.
   rN:        It protects you from negative energy.
Missiles
 a - 2 throwing nets (quivered)
Armour
 c - a +0 helmet (worn)
 v - a +0 plate armour (worn)
Jewellery
 r - the amulet "Mocsuo" (around neck) {Acrobat rC+++ Will+ Int+4 Dex-2}
   (You found it on level 4 of the Dungeon)

   [amulet of the acrobat]

   It increases your evasion while moving and waiting.
   Int:       It affects your intelligence (+4).
   Dex:       It affects your dexterity (-2).
   rC:        It renders you almost immune to cold.
   Will:      It increases your willpower.
 y - an amulet of guardian spirit
Wands
 k - a wand of acid (15)
 s - a wand of digging (10)
Scrolls
 b - 2 scrolls of magic mapping {unknown}
 e - a scroll of fog {unknown}
 f - 2 scrolls of teleportation {unknown}
 j - 2 scrolls of immolation {unknown}
 l - 2 scrolls of amnesia {unknown}
 n - 2 scrolls of vulnerability {unknown}
 q - 3 scrolls of enchant armour {unknown}
 t - 2 scrolls of enchant weapon {unknown}
Potions
 h - a potion of might {unknown}
 i - a potion of lignification {unknown}
 m - a potion of curing {unknown}
 o - a potion of brilliance
 p - a potion of resistance
 w - a potion of ambrosia {unknown}
 z - a potion of cancellation


   Skills:
 + Level 7.1 Fighting
 + Level 6.9 Maces & Flails
 - Level 1.7 Throwing
 + Level 6.7 Armour
 + Level 5.7 Dodging


You had 8 spell levels left.
You didn't know any spells.
Your spell library contained the following spells:

 Spells                   Type           Power      Damage    Failure   Level
 Gell's Gravitas          Tloc           0%         N/A       100%        3
 Lesser Beckoning         Tloc           0%         N/A       100%        3
 Teleport Other           Tloc           0%         N/A       100%        3


Dungeon Overview and Level Annotations

Branches:
Dungeon (7/15)             Temple (0/1) D:6

Altars:
Cheibriados
Dithmenos
Fedhas
Gozag
Sif Muna
Vehumet
The Shining One

Shops:
D:4 *


Innate Abilities, Weirdness & Mutations

You are immune to sickness and miasma.
Your stone body is resilient. (AC +6)
You are immune to poison.
You resist negative energy. (rN+)
You are resistant to electric shocks. (rElec)
You are resistant to unholy torment.
You are immune to petrification.


Message History

You closely miss the vampire mosquito.
The vampire mosquito is moderately damaged.
The vampire mosquito bites you but does no damage. x2
You fade into invisibility!
The vampire mosquito bites you!
* * * LOW HITPOINT WARNING * * *
The vampire mosquito barely misses you.
You are very lightly contaminated with residual magic.
You sock the vampire mosquito! You freeze the vampire mosquito.
The vampire mosquito is almost destroyed.
The vampire mosquito barely misses you.
The vampire mosquito bites you but does no damage.
You miss the vampire mosquito.
The vampire mosquito is almost destroyed.
The vampire mosquito bites you but does no damage.
The vampire mosquito misses you.
You barely miss the vampire mosquito.
The vampire mosquito is almost destroyed.
The vampire mosquito bites you but does no damage. x2
You hit the vampire mosquito. You freeze the vampire mosquito.
You destroy the vampire mosquito!
You hit the steam dragon but do no damage.
You catch the helpless steam dragon completely off-guard!
You sock the steam dragon! You freeze the steam dragon.
The steam dragon is moderately wounded.
You sock the bullfrog zombie!
The bullfrog zombie is moderately damaged.
You sock the steam dragon! You freeze the steam dragon.
The steam dragon is severely wounded.
The steam dragon breathes steam at you. The ball of steam hits you.
* * * LOW HITPOINT WARNING * * *
You hear a shout!
Okay, then.
Okay, then.
You closely miss the steam dragon.
The steam dragon is severely wounded.
The steam dragon breathes steam at you. The ball of steam hits you!!
You die...

## . ..
#.#####.#
......# ....
#Z## . #@D#
.#..# ##.##
##.#..#
#††###......#
##......# #.#
#..#..## #.#
##.#.## #.# .
#...#
##.###..
##.)#
#<[.....
#..##
#....#..


You could see a steam dragon (catching breath) and a bullfrog zombie
(wandering).

Vanquished Creatures
  A gargoyle (D:7)
  Grinder (D:6)
  A steam dragon (D:7)
  2 vampire mosquitoes (D:7)
  Eustachio (D:5)
  2 sky beasts
  An ogre (D:7)
  3 centaurs
  2 phantoms (D:5)
  A scorpion (D:5)
  A water moccasin skeleton (D:5)
  5 wights (D:4)
  2 howler monkeys
  A centaur zombie (D:6)
  A centaur skeleton (D:3)
  An orc priest (D:5)
  A bullfrog skeleton (D:6)
  A gnoll shaman (D:7)
  An orc wizard (D:7)
  Ijyb (D:5)
  A mummy (D:6)
  5 gnolls
  5 adders
  A dart slug (D:4)
  2 worms (D:3)
  8 orcs
  7 endoplasms
  3 giant cockroaches
  5 goblins
  14 hobgoblins
  4 jackals
  11 kobolds
  4 quokkas (D:2)
  7 ball pythons
  4 bats
  4 frilled lizards
  5 rats
120 creatures vanquished.

Notes
Turn   | Place    | Note
-------+----------+-------------------------------------------
     0 | D:1      | Borgoz the Gargoyle Gladiator began the quest for the Orb.
     0 | D:1      | Reached XP level 1. HP: 12/12 MP: 1/1
   406 | D:1      | Reached XP level 2. HP: 16/18 MP: 2/2
   563 | D:1      | Reached skill level 1 in Armour
   961 | D:1      | Reached XP level 3. HP: 22/22 MP: 3/3
  1657 | D:2      | Found a shadowy altar of Dithmenos.
  2308 | D:2      | Reached XP level 4. HP: 27/27 MP: 4/4
  2463 | D:3      | Reached skill level 3 in Fighting
  3081 | D:3      | Found a glowing golden altar of the Shining One.
  3082 | D:3      | Found a blossoming altar of Fedhas.
  3082 | D:3      | Found an opulent altar of Gozag.
  3083 | D:3      | Found a radiant altar of Vehumet.
  3126 | D:3      | Reached XP level 5. HP: 30/32 MP: 5/5
  3394 | D:4      | Reached XP level 6. HP: 34/38 MP: 6/6
  3612 | D:4      | Identified the amulet "Mocsuo" {Acrobat rC+++ Will+ Int+4
                  | Dex-2}
  3745 | D:4      | Found Tesilicw's General Store.
  4078 | D:4      | Reached skill level 4 in Fighting
  4389 | D:4      | Found a shimmering blue altar of Sif Muna.
  4422 | D:5      | Entered Level 5 of the Dungeon
  4452 | D:5      | Noticed Eustachio
  4486 | D:5      | Killed Eustachio
  4487 | D:5      | Reached XP level 7. HP: 9/44 MP: 7/7
  5023 | D:5      | Reached skill level 5 in Maces & Flails
  5239 | D:5      | Noticed Ijyb
  5246 | D:5      | Killed Ijyb
  5247 | D:5      | Reached skill level 5 in Fighting
  5452 | D:5      | Reached XP level 8. HP: 42/49 MP: 8/8
  6222 | D:6      | Found a snail-covered altar of Cheibriados.
  6444 | D:6      | Noticed Grinder
  6483 | D:6      | Killed Grinder
  6484 | D:6      | Reached skill level 5 in Armour
  6933 | D:6      | Found a staircase to the Ecumenical Temple.
  7379 | D:6      | Reached skill level 6 in Fighting
  7529 | D:7      | Reached skill level 5 in Dodging
  7640 | D:7      | Reached XP level 9. HP: 39/56 MP: 9/9
  7664 | D:7      | Noticed a gargoyle
  7740 | D:7      | Killed a gargoyle
  7805 | D:7      | Identified the +9 rapier "Wiwelox" {venom, rF+++ rN+ Str-4
                  | Dex-2}
  7867 | D:7      | Reached skill level 7 in Fighting
  7885 | D:7      | Killed from afar by a steam dragon

Illustrated notes

Levels and vault maps discovered:
D:1:      elethiomel_arrival_shortcut, layout_rooms
D:2:      minmay_skewed_foursquare, layout_basic, basic_altar
D:3:      layout_loops_cross, grunt_temple_overflow_open, minivault_23,
          minmay_ruptured
D:4:      layout_basic, lemuel_coloured_pillars_altar, serial_shops,
          nicolae_shop_competitors_out_of_business
D:5:      layout_basic, minmay_misc_feat_chi, uniq_ijyb, uniq_eustachio
D:6:      layout_layer_cave, chei_slow_surprise, minmay_temple_entry_hall,
          uniq_grinder
D:7:      minmay_the_grid_triangle_9x9_recursive_2
          [minmay_the_grid_triangle_9x9_prize_insulated,
          minmay_the_grid_triangle_9x9_steps,
          minmay_the_grid_triangle_9x9_dagger,
          minmay_the_grid_triangle_9x9_empty], layout_rooms,
          mainiacjoe_overflow_boulevard

Skill      XL: |  1  2  3  4  5  6  7  8  9 |
---------------+----------------------------+-----
Armour         | 1 2 3 4 5 6 |  6.7
Fighting       | 3 4 5 6 7 |  7.1
Dodging        | 3 4 5 |  5.7
Maces & Flails | 4 5 6 |  6.9
Throwing       | |  1.7

Action                   |  1- 3 |  4- 6 |  7- 9 || total
-------------------------+-------+-------+-------++-------
Melee: Flail             |   170 |   129 |   176 ||   475
       Mace              |       |    37 |       ||    37
Throw: Throwing net      |       |     4 |     1 ||     5
  Use: Potion            |       |     1 |     2 ||     3
       Scroll            |       |       |     4 ||     4
 Stab: Held in net/web   |       |     1 |       ||     1
       Invisible         |       |       |     1 ||     1
Armor: Leather armour    |    38 |       |       ||    38
       Ring mail         |     7 |       |       ||     7
       Scale mail        |    53 |    96 |    36 ||   185
       Plate armour      |       |       |    84 ||    84
Dodge: Dodged            |   127 |   134 |    87 ||   348
